 Dungeon Crawl Stone Soup version 0.29-a0-275-g389c0b56f3 (webtiles) character file.

Game seed: 8829800278305988203

89 testman the Sneak (level 4, -2/38 HPs)
             Began as a Gnoll Wanderer on Mar 11, 2022.
             Was a Follower of Kikubaaqudgha.
             Slain by a gnoll
             ... wielding a +2 halberd of holy wrath
              (13 damage)
             ... on level 2 of the Dungeon.
             The game lasted 00:07:54 (2711 turns).

testman the Sneak (Gnoll Wanderer)                  Turns: 2711, Time: 00:07:55

Health: -2/38      AC:  4    Str: 11    XL:     4   Next: 55%
Magic:  8/8        EV: 11    Int: 13    God:    Kikubaaqudgha [*.....]
Gold:   52         SH:  3    Dex: 12    Spells: 8/9 levels left

rFire   . . .      SeeInvis .   a - +0 dagger
rCold   . . .      Faith    .   t - +0 buckler
rNeg    . . .      Spirit   .   g - +0 robe
rPois   .          Reflect  .   m - +0 helmet
rElec   .          Harm     .   (no cloak)
rCorr   .          Rampage  .   (no gloves)
Will    .....                   q - +0 pair of boots
Stlth   +++.......              (no amulet)
HPRegen 0.12/turn               (no ring)
MPRegen 0.11/turn               (no ring)

@: no status effects
A: fangs 1, strong nose, distributed training
a: Renounce Religion, Receive Corpses


You were on level 2 of the Dungeon.
You worshipped Kikubaaqudgha.
Kikubaaqudgha was aware of your devotion.
You visited 1 branch of the dungeon, and saw 2 of its levels.

You collected 52 gold pieces.

Inventory:

Hand Weapons
 a - a +0 dagger (weapon)
 e - a +0 dagger
 p - a +0 hunting sling
Missiles
 b - 2 atropa-tipped darts
 c - 2 datura-tipped darts
 d - 11 poisoned darts (quivered)
 j - 92 stones
Armour
 g - a +0 robe (worn)
 m - a +0 helmet (worn)
 q - a +0 pair of boots (worn)
 t - a +0 buckler (worn)
Scrolls
 f - a scroll of fog
 i - a scroll of noise {unknown}
 k - 2 scrolls of teleportation {unknown}
 l - a scroll of fear {unknown}
 r - a scroll of torment {unknown}
 s - a scroll of vulnerability {unknown}
Potions
 h - 2 potions of flight {unknown}
 n - 2 potions of heal wounds {unknown}
 o - a potion of brilliance {unknown}


   Skills:
 + Level 4.6 Fighting
 + Level 1.2 Short Blades
 + Level 1.2 Long Blades
 + Level 1.2 Axes
 + Level 1.2 Maces & Flails
 + Level 1.2 Polearms
 + Level 1.2 Staves
 + Level 1.2 Slings
 + Level 1.2 Bows
 + Level 1.2 Crossbows
 + Level 4.6 Throwing
 + Level 1.2 Armour
 + Level 1.2 Dodging
 + Level 6.0 Stealth
 + Level 1.2 Shields
 + Level 1.2 Unarmed Combat
 + Level 3.0 Spellcasting
 + Level 1.0 Conjurations
 + Level 1.0 Hexes
 + Level 3.8 Summonings
 + Level 1.0 Necromancy
 + Level 1.0 Translocations
 + Level 1.0 Transmutations
 + Level 1.0 Fire Magic
 + Level 1.0 Ice Magic
 + Level 1.0 Air Magic
 + Level 1.0 Earth Magic
 + Level 1.0 Poison Magic
 + Level 1.3 Invocations
 + Level 1.2 Evocations


You had 8 spell levels left.
You knew the following spells:

 Your Spells              Type           Power      Damage    Failure   Level
a - Summon Small Mammal   Summ           48%        N/A       6%          1

Your spell library contained the following spells:

 Spells                   Type           Power      Damage    Failure   Level
 Call Canine Familiar     Summ           12%        N/A       19%         3
 Animate Skeleton         Necr           8%         N/A       21%         1
 Pain                     Necr           16%        1d4       21%         1
 Sting                    Tmut/Pois      16%        1d3       21%         1
 Poisonous Vapours        Pois/Air       8%         N/A       30%         2
 Sublimation of Blood     Necr           4%         N/A       30%         2
 Summon Guardian Golem    Hex/Summ       8%         N/A       32%         3
 Conjure Flame            Conj/Fire      4%         6-21      52%         3
 Ignite Poison            Fire/Tmut/Pois 4%         N/A       52%         3
 Vampiric Draining        Necr           4%         2d6       52%         3
 Olgreb's Toxic Radiance  Pois           4%         N/A       89%         4
 Sticky Flame             Conj/Fire      4%         2d3       89%         4
 Chain Lightning          Conj/Air       2%         3d2       100%        9
 Fire Storm               Conj/Fire      2%         8d1       100%        9
 Shatter                  Erth           2%         3d6*      100%        9


Dungeon Overview and Level Annotations

Branches:
Dungeon (2/15)

Altars:
Hepliaklqana
Kikubaaqudgha


Innate Abilities, Weirdness & Mutations

You have very sharp teeth.
Your uncanny sense of smell can sniff out nearby items.
Your experience applies equally to all skills.


Message History

Your Poison Magic skill increases to level 1!
Casting: Summon Small Mammal (safe; 6% risk of failure)
Confirm with . or Enter, or press ? or * to list all spells.
Okay, then.
The gnoll hits you with a +2 halberd of holy wrath!
You see here a +0 club.
You hit the gnoll.
The gnoll is lightly wounded.
The gnoll hits you with a +2 halberd of holy wrath!
You closely miss the gnoll.
The gnoll is lightly wounded.
The gnoll hits you with a +2 halberd of holy wrath!
* * * LOW HITPOINT WARNING * * *
You are too injured to fight recklessly!
You are too injured to fight recklessly!
You are too injured to fight recklessly!
You are too injured to fight recklessly!
You are too injured to fight recklessly!
You are too injured to fight recklessly!
You are too injured to fight recklessly!
You are too injured to fight recklessly!
You are too injured to fight recklessly!
You are too injured to fight recklessly!
You are too injured to fight recklessly!
You are too injured to fight recklessly!
You are too injured to fight recklessly!
You are too injured to fight recklessly!
You are too injured to fight recklessly!
You are too injured to fight recklessly!
You are too injured to fight recklessly!
You are too injured to fight recklessly!
You are too injured to fight recklessly!
You are too injured to fight recklessly!
You are too injured to fight recklessly!
You are too injured to fight recklessly!
You barely miss the gnoll.
The gnoll is lightly wounded.
The gnoll hits you with a +2 halberd of holy wrath!
You die...
Kikubaaqudgha rasps: "You have failed me!
Welcome... death!"

.#.##### #.#
#... .#.....#
#.# #..#
######.# #.#
#... #.# #.#
#... #.# #.#
##... #.# #.#
##.... #.# #.#
#...<. #.#
#.#########
#..... ##.#
#...@gg...#
#....) #..#
#########.#
##.... #.##
##...
#.########
##..
#.##.....# ###
#.##.....###
## ########
###.##........
..# #.......
###..........#
#.####.#.....
........)....#
#..........##


You could see 2 gnolls.

Vanquished Creatures
  A gnoll (D:2)
  2 adders (D:2)
  A worm (D:2)
  4 dart slugs
  3 ball pythons (D:1)
  5 endoplasms
  3 giant cockroaches (D:2)
  6 goblins
  2 hobgoblins (D:1)
  8 kobolds
  3 quokkas (D:1)
  5 bats
  3 frilled lizards
  A rat (D:1)
47 creatures vanquished.

Notes
Turn   | Place    | Note
-------+----------+-------------------------------------------
     0 | D:1      | testman the Gnoll Wanderer began the quest for the Orb.
     0 | D:1      | testman set off with the following items: a +0 dagger, 2
                  | atropa-tipped darts, 2 datura-tipped darts, 12 poisoned
                  | darts, a +0 dagger, a scroll of fog, a +0 robe; and the
                  | following spell memorised: Summon Small Mammal; and the
                  | following spells available to memorise: Summon Guardian
                  | Golem
     0 | D:1      | Reached XP level 1. HP: 20/20 MP: 4/4
   361 | D:1      | Reached XP level 2. HP: 25/26 MP: 5/5
   654 | D:1      | Found a faded altar of an unknown god.
   659 | D:1      | Prayed at the altar of an unknown god.
   659 | D:1      | Became a worshipper of Kikubaaqudgha
   659 | D:1      | Reached * piety under Kikubaaqudgha
   659 | D:1      | Received a gift from Kikubaaqudgha
  1008 | D:1      | Reached XP level 3. HP: 17/31 MP: 7/7
  1685 | D:2      | Reached skill level 6 in Stealth
  1748 | D:2      | Reached skill level 1 in Invocations
  1890 | D:2      | Reached skill level 1 in Short Blades
  1890 | D:2      | Reached skill level 1 in Long Blades
  1890 | D:2      | Reached skill level 1 in Axes
  1890 | D:2      | Reached skill level 1 in Maces & Flails
  1890 | D:2      | Reached skill level 1 in Polearms
  1890 | D:2      | Reached skill level 1 in Staves
  1890 | D:2      | Reached skill level 1 in Slings
  1890 | D:2      | Reached skill level 1 in Bows
  1890 | D:2      | Reached skill level 1 in Crossbows
  1890 | D:2      | Reached skill level 1 in Armour
  1890 | D:2      | Reached skill level 1 in Dodging
  1890 | D:2      | Reached skill level 1 in Shields
  1890 | D:2      | Reached skill level 1 in Unarmed Combat
  1890 | D:2      | Reached skill level 1 in Evocations
  1989 | D:2      | Reached XP level 4. HP: 38/38 MP: 8/8
  2030 | D:2      | Found a hazy altar of Hepliaklqana.
  2708 | D:2      | Reached skill level 1 in Conjurations
  2708 | D:2      | Reached skill level 1 in Hexes
  2708 | D:2      | Reached skill level 1 in Necromancy
  2708 | D:2      | Reached skill level 1 in Translocations
  2708 | D:2      | Reached skill level 1 in Transmutations
  2708 | D:2      | Reached skill level 1 in Fire Magic
  2708 | D:2      | Reached skill level 1 in Ice Magic
  2708 | D:2      | Reached skill level 1 in Air Magic
  2708 | D:2      | Reached skill level 1 in Earth Magic
  2708 | D:2      | Reached skill level 1 in Poison Magic
  2711 | D:2      | Slain by a gnoll

Illustrated notes

Levels and vault maps discovered:
D:1:      dpeg_arrival_three_same_balls, layout_basic,
          shapermc_ecumenical_altar_petra
D:2:      layout_loops_ring, basic_altar

Skill      XL: |  1  2  3  4 |
---------------+-------------+-----
Stealth        | 6 |  6.0
Invocations    | 1 |  1.3
Short Blades   | 1 |  1.2
Long Blades    | 1 |  1.2
Axes           | 1 |  1.2
Maces & Flails | 1 |  1.2
Polearms       | 1 |  1.2
Staves         | 1 |  1.2
Slings         | 1 |  1.2
Bows           | 1 |  1.2
Crossbows      | 1 |  1.2
Armour         | 1 |  1.2
Dodging        | 1 |  1.2
Shields        | 1 |  1.2
Unarmed Combat | 1 |  1.2
Evocations     | 1 |  1.2
Spellcasting   | 3 |  3.0
Conjurations   | 1 |  1.0
Hexes          | 1 |  1.0
Necromancy     | 1 |  1.0
Translocations | 1 |  1.0
Transmutations | 1 |  1.0
Fire Magic     | 1 |  1.0
Ice Magic      | 1 |  1.0
Air Magic      | 1 |  1.0
Earth Magic    | 1 |  1.0
Poison Magic   | 1 |  1.0
Fighting       | |  4.6
Throwing       | |  4.6
Summonings     | |  3.8

Action                   |  1- 3 |  4- 6 || total
-------------------------+-------+-------++-------
Melee: Dagger            |   113 |    54 ||   167
       Bite              |    10 |     4 ||    14
       Punch             |     2 |     1 ||     3
Throw: Dart              |     9 |       ||     9
 Stab: Sleeping          |     7 |     3 ||    10
Armor: Robe              |    18 |    18 ||    36
Dodge: Dodged            |    60 |    34 ||    94

Table legend: (Time is in decaauts)
 A = Elapsed time spent in this place.
 B = Non-inter-level travel time spent in this place.
 C = Inter-level travel time spent in this place.
 D = Time resting spent in this place.
 E = Time spent auto-exploring this place.
 F = Levels seen in this place.
 G = Mean time per level.
                   A        B        C        D        E       F      G
               +--------+--------+--------+--------+--------+-----+--------+
         Total |   2704 |   2654 |     50 |    181 |   2042 |   2 | 1352.0 |
       Dungeon |   2704 |   2654 |     50 |    181 |   2042 |   2 | 1352.0 |
               +--------+--------+--------+--------+--------+-----+--------+

Top non-repeatable levels by time:
     D:1: 1672 daAuts
     D:2: 1031 daAuts
